 Dungeon Crawl Stone Soup version 0.19.1 (webtiles) character file.

527 KarmaPolice the Slinger (level 7, -2/46 HPs)
             Began as a Halfling Hunter on Dec 1, 2016.
             Killed by nerve-wracking pain
             ... invoked by Grinder
              (6 damage)
             ... on level 4 of the Dungeon.
             The game lasted 00:11:40 (4455 turns).

KarmaPolice the Slinger (Halfling Hunter)           Turns: 4455, Time: 00:11:40

Health: -2/46      AC: 11    Str: 13    XL:     7   Next: 47%
Magic:  7/7        EV: 16    Int:  9    God:
Gold:   285        SH:  0    Dex: 17    Spells: 0 memorised, 6 levels left

rFire  . . .     SeeInvis .     x - +2 dagger (venom)
rCold  . . .     Gourm    .     c - +0 leather armour
rNeg   . . .     Faith    .     (shield restricted)
rPois  .         Spirit   .     (no helmet)
rElec  .         Reflect  .     i - +0 cloak
rCorr  .         Harm     .     w - +0 pair of gloves
MR     .....                    s - +2 pair of boots
Stlth  ++........               (no amulet)
                                (no ring)
                                m - +3 ring of protection

@: no status effects
A: mutation resistance 1
a: no special abilities


You were on level 4 of the Dungeon.
You were hungry.

You visited 1 branch of the dungeon, and saw 4 of its levels.

You collected 285 gold pieces.

Inventory:

Hand Weapons
 a - a +1 hunting sling
 x - a +2 dagger of venom (weapon)
Missiles
 d - 28 sling bullets
 e - 112 stones (quivered)
Armour
 c - a +0 leather armour (worn)
 i - a +0 cloak (worn)
 s - a +2 pair of boots (worn)
 w - a +0 pair of gloves (worn)
Jewellery
 m - a +3 ring of protection (left hand)
Scrolls
 h - 4 scrolls of identify
 l - a scroll of enchant weapon {unknown}
 o - a scroll of immolation {unknown}
 p - a scroll of blinking {unknown}
 q - 3 scrolls of enchant armour {unknown}
 r - 3 scrolls of teleportation {unknown}
 u - a scroll of magic mapping {unknown}
Potions
 j - a potion of might
 v - a potion of resistance {unknown}
Comestibles
 f - 6 bread rations
 k - 2 meat rations
 n - a royal jelly
 t - a slice of pizza


   Skills:
 + Level 3.5 Fighting
 + Level 4.4 Short Blades
 + Level 8.0 Slings
 + Level 4.4 Dodging
 - Level 1.1 Stealth


You had 6 spell levels left.
You didn't know any spells.

Dungeon Overview and Level Annotations

Branches:
Dungeon (4/15)
 Temple: D:4-7

Altars:
Qazlal

Annotations:
D:4 Grinder


Innate Abilities, Weirdness & Mutations

You are small and have problems with some larger weapons.
You are somewhat resistant to further mutation.


Message History

Grinder drinks a potion.
Grinder is healed!
You hit Grinder.
Grinder is heavily wounded.
Grinder hits you but does no damage.
You hit Grinder but do no damage.
Grinder is heavily wounded.
You hit Grinder but do no damage.
Grinder is heavily wounded.
Grinder hits you.
* * * LOW HITPOINT WARNING * * *
You writhe in agony.
* * * LOW HITPOINT WARNING * * *
You hit Grinder but do no damage.
Grinder is heavily wounded.
Grinder hits you but does no damage.
You hit Grinder.
Grinder is poisoned.
Grinder is heavily wounded.
Grinder gestures at you. Pain shoots through your body!
You die...

###########
####..@[(((...
#.....5(##.###
##.##.((.#
#...#.##.##.
#...((......#
#...####.####
##(#####.########
#[......#......#
#.#######......#


You could see Grinder.

Vanquished Creatures
  2 ogres
  Blork the orc (D:4)
  An orc priest (D:3)
  Ijyb (D:3)
  An iguana (D:4)
  2 orc wizards
  A howler monkey skeleton (D:4)
  7 adders
  An ooze (D:1)
  A worm (D:4)
  2 dart slugs
  3 leopard geckos
  8 orcs
  5 giant cockroaches
  7 goblins
  4 hobgoblins
  3 jackals (D:1)
  8 kobolds
  A quokka (D:2)
  5 bats
  5 frilled lizards
  A quokka skeleton (D:3)
  6 rats
76 creatures vanquished.

Notes
Turn   | Place    | Note
-------+----------+-------------------------------------------
     0 | D:1      | KarmaPolice the Halfling Hunter began the quest for the Orb.
     0 | D:1      | Reached XP level 1. HP: 14/14 MP: 1/1
   103 | D:1      | Reached skill level 1 in Short Blades
   103 | D:1      | Reached XP level 2. HP: 15/19 MP: 2/2
   123 | D:1      | Reached skill level 6 in Slings
   846 | D:1      | Reached XP level 3. HP: 24/24 MP: 3/3
  1441 | D:2      | Reached XP level 4. HP: 28/29 MP: 4/4
  2112 | D:3      | Noticed a fire elemental
  2114 | D:3      | Found a stormy altar of Qazlal.
  2115 | D:3      | Noticed a water elemental
  2115 | D:3      | Noticed an earth elemental
  2115 | D:3      | Noticed an air elemental
  2494 | D:3      | Reached XP level 5. HP: 33/35 MP: 5/5
  2622 | D:4      | Noticed an ogre
  2911 | D:3      | Reached skill level 7 in Slings
  3166 | D:3      | Noticed an ogre
  3176 | D:3      | Killed an ogre
  3176 | D:3      | Reached XP level 6. HP: 41/41 MP: 6/6
  3282 | D:3      | Noticed Ijyb
  3292 | D:3      | Killed Ijyb
  3840 | D:4      | Noticed Blork the orc
  3863 | D:4      | Killed Blork the orc
  3863 | D:4      | Reached XP level 7. HP: 38/46 MP: 7/7
  4172 | D:4      | Reached skill level 8 in Slings
  4426 | D:4      | Noticed Grinder
  4442 | D:4      | Paralysed by Grinder for 7 turns
  4455 | D:4      | Killed from afar by Grinder

Skill      XL: |  1  2  3  4  5  6  7 |
---------------+----------------------+-----
Short Blades   | 1 2 3 4 |  4.4
Slings         | 6 7 8 |  8.0
Fighting       | 2 3 |  3.5
Dodging        | 3 4 |  4.4
Stealth        | |  1.1

Action                   |  1- 3 |  4- 6 |  7- 9 || total
-------------------------+-------+-------+-------++-------
Melee: Short sword       |   119 |   233 |       ||   352
       Dagger            |       |    42 |    30 ||    72
 Fire: Hunting sling     |       |    23 |    17 ||    40
  Use: Scroll            |     1 |     3 |       ||     4
 Stab: Sleeping          |     1 |     1 |       ||     2
  Eat: Chunk             |     2 |     8 |     1 ||    11
Armor: Leather armour    |    28 |    68 |     6 ||   102
Dodge: Dodged            |   105 |   176 |    17 ||   298
